 Seeded DCSS version 0.32-a0-871-ge202e49faa (webtiles) character file.

Game seed: 3954162332988717227 (custom seed)

3921 Hellmel the Carver (level 10, -5/76 HPs)
             Began as a Demonspawn Gladiator on Mar 29, 2024.
             Was a Follower of Dithmenos.
             Slain by an orc warrior
             ... wielding a +0 spear
              (11 damage)
             ... in a bailey.
             The game lasted 00:17:50 (8588 turns).

Hellmel the Carver (Demonspawn Gladiator)           Turns: 8588, Time: 00:17:50

Health: -5/76      AC: 15    Str: 19    XL:     10   Next: 1%
Magic:  7/10       EV: 14    Int:  9    God:    Dithmenos [*.....]
Gold:   289        SH:  0    Dex: 24    Spells: 9/9 levels left

rFire   + + .        x - +3 long sword of Execution {holy, Str+2 Dex+4 Stlth+}
rCold   . . .        (no shield)
rNeg    . . .        z - +2 ring mail {rPois}
rPois   +            A - +1 helmet of Guigutocs {rF++}
rElec   .            (no cloak)
rCorr   .            f - +2 pair of gloves {infuse}
SInv    .            (no boots)
Will    .....        (no amulet)
Stlth   +++++        r - +6 ring of dexterity
HPRegen 0.32/turn    (no ring)
MPRegen 0.12/turn

%: infuse magic (1 MP)
@: mighty, wreathed by umbra, unable to drink
A: icy blue scales 1, powered by pain 2, weakness stinger 1, foul shadow 2, weak
1, inability to drink after injury 1
a: Renounce Religion


You were in a bailey.
You worshipped Dithmenos.
Dithmenos was aware of your devotion.
You visited 2 branches of the dungeon, and saw 8 of its levels.
You also visited: Sewer, Ossuary and Bailey.

You collected 382 gold pieces.
You spent 93 gold pieces at shops.

Inventory:

Hand Weapons
 x - the +3 long sword of Execution (weapon) {holy, Str+2 Dex+4 Stlth+}
   (You found it on level 4 of the Dungeon)

   Str+2:     It affects your strength (+2).
   Dex+4:     It affects your dexterity (+4).
   Stlth+:    It makes you more stealthy.
Missiles
 d - 4 throwing nets (quivered)
 e - 6 javelins
Armour
 f - a +2 pair of gloves of infusion (worn)
 z - a +2 ring mail of poison resistance (worn)
 A - the +1 helmet of Guigutocs (worn) {rF++}
   (You found it on level 4 of the Dungeon)

   rF++:      It greatly protects you from fire.
Jewellery
 r - a +6 ring of dexterity (left hand)
 s - an amulet of the acrobat
Wands
 b - a wand of digging (5)
 t - a wand of paralysis (6)
 v - a wand of flame (10)
 B - a wand of polymorph (10)
Scrolls
 h - a scroll of brand weapon {unknown}
 i - 3 scrolls of amnesia
 j - a scroll of fear {unknown}
 q - 3 scrolls of teleportation
 w - a scroll of immolation
 y - 2 scrolls of blinking
Potions
 a - a potion of haste
 c - a potion of enlightenment
 g - 4 potions of curing
 k - 2 potions of heal wounds
 m - a potion of attraction
 p - a potion of magic
 u - a potion of brilliance


   Skills:
 + Level 6.2 Fighting
 + Level 9.2 Long Blades
 - Level 1.8 Throwing
 + Level 4.4 Armour
 + Level 5.8 Dodging
 + Level 4.6 Stealth


You had 9 spell levels left.
You didn't know any spells.
Your spell library contained the following spells:

 Spells                   Type           Power      Damage    Failure   Level
 Apportation              Tloc           0%         N/A       56%         1
 Magic Dart               Conj           0%         1d3       56%         1
 Necrotise                Necr           0%         1d4       56%         1
 Sting                    Conj/Alch      0%         1d3       56%         1
 Summon Small Mammal      Summ           0%         N/A       56%         1
 Blink                    Tloc           0%         N/A       71%         2
 Call Imp                 Summ           0%         N/A       71%         2
 Searing Ray              Conj           0%         2d4       71%         2
 Fulminant Prism          Conj/Alch      0%         3d5       100%        4
 Chain Lightning          Conj/Air       0%         N/A       100%        9
 Fire Storm               Conj/Fire      0%         5d1       100%        9
 Shatter                  Erth           0%         3d5*      100%        9


Dungeon Overview and Level Annotations

Branches:
Dungeon (7/15)             Temple (1/1) D:5           Sewer (visited)
Ossuary (visited)          Bailey (1/1)

Altars:
Ashenzari
Cheibriados
Dithmenos
Fedhas
Gozag
Hepliaklqana
Kikubaaqudgha
Nemelex Xobeh
Okawaru
Qazlal
Ru
Sif Muna
Trog
Uskayaw
Wu Jian
Xom
Yredelemnul

Shops:
D:1 *   D:3 *(:=

Annotations:
Temple 2 transporters


Innate Abilities, Weirdness & Mutations

You are partially covered in icy blue scales. (AC +2)
You sometimes gain power by taking damage.
You have a small tail.
You are shadowed, sometimes releasing foul flame when damaged in melee.
You are weak. (Str -2)
You occasionally lose the ability to drink potions when taking damage.


Message History

Your body becomes darker with foul flame.
You open the gate.
Found two gates leading back out of this place.
No target in view!
There is an open gate here.
You see here a +3 dire flail of holy wrath.
You open the door.
An orc knight and 2 orc warriors come into view.
Found a scroll of acquirement and a glowing ring mail.
Found a roughly hewn altar of Beogh.
Which direction?
You close the door.
You feel very mighty all of a sudden.
You open the door.
The orc warrior shouts!
The orc knight shouts!
The orc knight hits you from afar with a +0 halberd!
You feel threatened and lose the ability to drink potions!
The orc knight closely misses you. The orc warrior misses you.
There is an open door here.
You slice the orc knight!!
Your tail-slap misses the orc knight.
The orc knight is moderately wounded.
The orc knight roars a battlecry!
The orc warriors go into a battle-frenzy!
The orc warrior hits you with a +0 spear!
The orc warrior completely misses you.
You hit the orc knight. You tail-slap the orc knight!
The orc knight is heavily wounded.
The orc knight barely misses you.
The orc warrior hits you with a +0 spear!
The orc warrior completely misses you.
You hit the orc knight.
The orc knight is severely wounded.
The orc knight hits you with a +0 halberd!
* * * LOW HITPOINT WARNING * * *
The orc warrior hits you with a +0 spear!
* * * LOW HITPOINT WARNING * * *
The orc warrior is seared by the foul flame within you!
The orc warrior is heavily wounded.
The orc warrior hits you with a +0 spear!
You die...

..≈##.##≈...............≈##.##≈..
..≈#.))......................#≈..
..≈##.∩#≈...............≈#∩)##≈..
..≈≈#.##≈....#######....≈##)#≈≈..
...≈≈.≈≈≈....##....##...≈≈≈.≈≈...
.............##.....##.....).....
.............##'''#..##..........
.........##..##∩)∩##..#..........
.........##.####@####.##.........
.........##.')#ooo#)'.##.........
.........##.###._.###.##.........
.........##.')#[.?#)'.##.........
.........##.#########.##.........
..........#..##)#)##..#..........
..........##..#'#'#..##..........
...........##.......##...........
...≈≈.≈≈≈...#########...≈≈≈.≈≈...


You could see an orc knight and 2 orc warriors.

Vanquished Creatures
  Jeremiah (D:6)
  A hornet (D:7)
  Sigmund (D:2)
  A steam dragon (D:6)
  6 orc warriors (Bailey)
  Duvessa (D:5)
  2 black bears (D:5)
  A sky beast (D:6)
  4 centaurs (D:6)
  A phantom (D:6)
  Blork the orc (D:5)
  2 elf zombies (Ossuary)
  A kobold brigand (D:6)
  3 bullfrogs
  2 scorpions
  Dowan (D:5)
  2 howler monkeys (D:7)
  3 orc priests (D:7)
  5 human zombies (Ossuary)
  2 iguanas
  3 orc wizards (D:7)
  Terence (D:2)
  2 crocodile zombies (Ossuary)
  6 spectral hounds (Ossuary)
  5 mummies
  10 gnolls
  11 adders
  5 hound simulacra (Ossuary)
  A shadow imp (D:6)
  A white imp (D:7)
  2 ufetubi (D:7)
  4 spectral adders (Ossuary)
  A spectral gnoll (Ossuary)
  13 dart slugs
  2 ribbon worms
  3 adder simulacra (Ossuary)
  37 orcs
  11 ball pythons
  8 bats
  21 endoplasms
  13 giant cockroaches
  9 gnoll zombies (Ossuary)
  6 goblins
  4 hobgoblins
  8 jackals (D:1)
  9 quokkas
  14 frilled lizards
  A gnoll simulacrum (Ossuary)
  2 goblin zombies (D:5)
  A jackal simulacrum (Ossuary)
  8 kobolds
  4 kobold zombies (Ossuary)
  3 orc zombies (Ossuary)
  9 rats
  A spectral jackal (Ossuary)
280 creatures vanquished.

Vanquished Creatures (others)
  An orc wizard (D:7)
1 creature vanquished.

Grand Total: 281 creatures vanquished

Notes
Turn   | Place    | Note
-------+----------+-------------------------------------------
     0 | D:1      | Hellmel the Demonspawn Gladiator began the quest for the
                  | Orb.
     0 | D:1      | Reached XP level 1. HP: 16/16 MP: 1/1
    65 | D:1      | Gained mutation: You sometimes gain a little power by
                  | taking damage. [demonic ancestry]
    65 | D:1      | Reached XP level 2. HP: 17/23 MP: 2/2
   233 | D:1      | Reached skill level 3 in Long Blades
   551 | D:1      | Reached XP level 3. HP: 28/28 MP: 0/3
   720 | D:1      | Found Hasch's General Store.
  1270 | D:2      | Noticed Sigmund
  1287 | D:2      | Gained mutation: You occasionally lose the ability to drink
                  | potions when taking damage. [potion of mutation]
  1287 | D:2      | Gained mutation: You are weak. (Str -2) [potion of
                  | mutation]
  1290 | D:2      | Killed Sigmund
  1291 | D:2      | Reached skill level 1 in Armour
  1291 | D:2      | Reached skill level 1 in Stealth
  1291 | D:2      | Reached XP level 4. HP: 9/35 MP: 1/4
  1291 | D:2      | Gained mutation: You have a small tail. [demonic ancestry]
  1291 | D:2      | Reached XP level 5. HP: 10/41 MP: 1/5
  1631 | D:2      | Noticed Terence
  1640 | D:2      | Killed Terence
  1641 | D:2      | Reached skill level 4 in Long Blades
  1977 | D:2      | Found a faded altar of an unknown god.
  2362 | D:3      | Gained mutation: You are partially covered in icy blue
                  | scales. (AC +2) [demonic ancestry]
  2362 | D:3      | Reached XP level 6. HP: 47/47 MP: 4/6
  2767 | D:3      | Found Pium's Book Boutique.
  2779 | D:3      | Found Meuc's Jewellery Shoppe.
  2908 | D:3      | Found Wulekk's Assorted Antiques.
  2921 | D:3      | Bought a scroll labelled CIODAG RELISM for 31 gold pieces
  2921 | D:3      | Bought a scroll labelled EMIKLO XOBUYQ for 31 gold pieces
  2921 | D:3      | Bought a scroll labelled FUTTAM IPHIEMA for 31 gold pieces
  2951 | D:3      | Found a sacrificial altar of Ru.
  3011 | D:3      | Found Irhe's Antique Weapon Emporium.
  3179 | D:4      | Identified the +3 long sword of Execution {holy, Str+2
                  | Dex+4 Stlth+}
  3494 | D:4      | Identified the +2 dagger of Ladwehorgh {heavy, ^Contam
                  | Will++ Str+5}
  3673 | D:4      | Identified the +1 helmet of Guigutocs {rF++}
  4012 | D:5      | Entered Level 5 of the Dungeon
  4012 | D:5      | Noticed Blork the orc
  4021 | D:5      | Killed Blork the orc
  4038 | D:5      | Noticed Duvessa
  4038 | D:5      | Noticed Dowan
  4050 | D:5      | Killed Duvessa
  4059 | D:5      | Killed Dowan
  4060 | D:5      | Reached skill level 5 in Long Blades
  4060 | D:5      | Gained mutation: You are faintly shadowed, very rarely
                  | releasing foul flame when damaged in melee. [demonic
                  | ancestry]
  4060 | D:5      | Reached XP level 7. HP: 31/53 MP: 0/7
  4103 | D:5      | Found a sand-covered staircase.
  4116 | Ossuary  | Entered an ossuary
  4534 | Ossuary  | Reached skill level 6 in Long Blades
  4902 | Ossuary  | Gained mutation: You sometimes gain power by taking damage.
                  | [demonic ancestry]
  4902 | Ossuary  | Reached XP level 8. HP: 61/61 MP: 5/8
  5191 | D:5      | Found a staircase to the Ecumenical Temple.
  5851 | D:6      | Found a glowing drain.
  5874 | Sewer    | Entered a sewer
  5964 | Sewer    | Reached skill level 7 in Long Blades
  6669 | D:6      | Reached skill level 5 in Fighting
  6868 | D:5      | Reached XP level 9. HP: 30/68 MP: 0/9
  7048 | D:6      | Reached skill level 5 in Dodging
  7094 | D:6      | Reached skill level 8 in Long Blades
  7474 | D:6      | Noticed Jeremiah
  7505 | D:6      | Killed Jeremiah
  7732 | Temple   | Found a transporter.
  7732 | Temple   | Found a transporter.
  7732 | Temple   | Found a transporter.
  7732 | Temple   | Found a transporter.
  7732 | Temple   | Entered the Ecumenical Temple
  7801 | Temple   | Became a worshipper of Dithmenos the Shadowed
  8163 | D:7      | Found a flagged portal.
  8171 | D:7      | Reached * piety under Dithmenos
  8176 | Bailey   | Entered a bailey
  8437 | Bailey   | Reached skill level 9 in Long Blades
  8550 | Bailey   | Gained mutation: You are shadowed, sometimes releasing foul
                  | flame when damaged in melee. [demonic ancestry]
  8550 | Bailey   | Reached XP level 10. HP: 76/76 MP: 7/10
  8581 | Bailey   | Found a roughly hewn altar of Beogh.
  8581 | Bailey   | Noticed an orc knight
  8588 | Bailey   | Slain by an orc warrior

Illustrated notes

Levels and vault maps discovered:
D:1:      dpeg_arrival_short_road, layout_basic, serial_shops, shop
D:2:      layout_basic, ebering_ecumenical_altar_abandoned, nrook_uturn,
          uniq_terence, uniq_sigmund
D:3:      layout_rooms, nicolae_ru_path_of_blood, serial_shops,
          nicolae_diamond_shop, nicolae_shop_tiny_glass, nicolae_shop_trees,
          nicolae_shop_stone
D:4:      wander_river, layout_basic, serial_curves, eino_curves_01,
          eino_curves_04, minmay_misc_feat_roman
D:5:      layout_loops_ring, minmay_temple_entry_gardened_gates,
          nicolae_ossuary_entry_giza, uniq_blork_the_orc, uniq_duvessa
D:6:      layout_cave_pods, portal_sewer_entry_f, uniq_jeremiah
D:7:      layout_basic, enter_bailey_8, uniq_crazy_yiuf_cottage
Temple:   hellmonk_temple_divided_pantheon
Bailey:   bailey_polearm_2, bailey

Skill      XL: |  1  2  3  4  5  6  7  8  9 |
---------------+----------------------------+-----
Long Blades    | 3 4 5 6 7 9 |  9.2
Dodging        | 3 4 5 |  5.8
Fighting       | 3 4 5 6 |  6.2
Armour         | 1 2 3 4 |  4.4
Stealth        | 1 2 4 |  4.6
Throwing       | |  1.8

Action                     |  1- 3 |  4- 6 |  7- 9 | 10-12 || total
---------------------------+-------+-------+-------+-------++-------
  Melee: Long sword        |   126 |   138 |   479 |     3 ||   746
         Tailslap          |       |    12 |    70 |     1 ||    83
    Use: Potion            |     3 |     1 |     6 |     1 ||    11
         Scroll            |       |       |    14 |       ||    14
   Stab: Sleeping          |     3 |     6 |    27 |       ||    36
         Distracted        |       |     1 |       |       ||     1
 Armour: Leather armour    |   102 |    76 |   112 |       ||   290
         Ring mail         |       |       |   174 |     6 ||   180
  Dodge: Dodged            |   101 |    98 |   504 |     5 ||   708

Table legend: (Time is in decaauts)
 A = Elapsed time spent in this place.
 B = Non-inter-level travel time spent in this place.
 C = Inter-level travel time spent in this place.
 D = Time resting spent in this place.
 E = Time spent auto-exploring this place.
 F = Levels seen in this place.
 G = Mean time per level.
                   A        B        C        D        E       F      G
               +--------+--------+--------+--------+--------+-----+--------+
         Total |   8787 |   8356 |    431 |    201 |   6059 |  11 |  798.8 |
       Dungeon |   6461 |   6037 |    424 |     80 |   4661 |   7 |  923.0 |
        Temple |     87 |     81 |      6 |      0 |      0 |   1 |   87.0 |
         Sewer |    823 |    823 |      0 |      0 |    560 |   1 |  823.0 |
       Ossuary |   1003 |   1003 |      0 |    121 |    574 |   1 | 1003.0 |
        Bailey |    410 |    410 |      0 |      0 |    263 |   1 |  410.0 |
               +--------+--------+--------+--------+--------+-----+--------+

Top non-repeatable levels by time:
     D:2: 1367 daAuts
     D:6: 1122 daAuts
 Ossuary: 1003 daAuts
     D:1: 995 daAuts
     D:5: 934 daAuts
     D:4: 876 daAuts
     D:3: 835 daAuts
   Sewer: 823 daAuts
  Bailey: 410 daAuts
     D:7: 331 daAuts
  Temple: 87 daAuts
